 Dungeon Crawl Stone Soup version 0.29-a0-233-g1125b37a9b (webtiles) character file.

Game seed: 14405335878053241144

51 esteth the Skirmisher (level 3, -2/33 HPs)
             Began as a Draconian Abyssal Knight on Mar 1, 2022.
             Was a Believer of Lugonu.
             Slain by Sigmund
             ... wielding a +0 scythe
              (9 damage)
             ... on level 2 of the Dungeon.
             The game lasted 00:02:18 (1858 turns).

esteth the Skirmisher (Draconian Abyssal Knight)    Turns: 1858, Time: 00:02:18

Health: -2/33      AC:  7    Str: 15    XL:     3   Next: 58%
Magic:  4/4        EV:  9    Int: 12    God:    Lugonu [**....]
Gold:   97         SH:  0    Dex: 11    Spells: 2/2 levels left

rFire   . . .      SeeInvis .   k - +1 short sword (elec)
rCold   . . .      Faith    .   (no shield)
rNeg    . . .      Spirit   .   (body armour unavailable)
rPois   .          Reflect  .   (helmet restricted)
rElec   .          Harm     .   h - +0 cloak
rCorr   .          Rampage  +   (no gloves)
Will    .....                   g - +0 pair of boots {rampage}
Stlth   +.........              (no amulet)
HPRegen 0.11/turn               (no ring)
MPRegen 0.09/turn               (no ring)

@: brilliant, constricted
A: AC +5, unfitting armour, cold-blooded
a: Renounce Religion, Depart the Abyss, Bend Space


You were on level 2 of the Dungeon.
You worshipped Lugonu.
Lugonu was pleased with you.
You visited 1 branch of the dungeon, and saw 2 of its levels.
You visited the Abyss 1 time.

You collected 97 gold pieces.


Innate Abilities, Weirdness & Mutations

Your plain brown scales are hard. (AC +5)
You cannot fit into any form of body armour.
You are cold-blooded and may be slowed by cold attacks.


   Skills:
 + Level 4.3 Fighting
 + Level 3.1 Short Blades
 - Level 2.1 Dodging
 - Level 2.0 Invocations


You had 2 spell levels left.
You didn't know any spells.
Your spell library was empty.

Inventory:

Hand Weapons
 a - a +1 short sword
 k - a +1 short sword of electrocution (weapon)
   (You took it off a kobold on level 2 of the Dungeon)
Missiles
 b - 133 stones
Armour
 g - a +0 pair of boots of rampaging (worn)
   (You found it on level 2 of the Dungeon)
 h - a +0 cloak (worn)
   (You found it on level 2 of the Dungeon)
Scrolls
 e - 2 scrolls of teleportation {unknown}
 f - 2 scrolls of enchant weapon {unknown}
 j - a scroll of identify {unknown}
Potions
 c - a potion of heal wounds {unknown}
 i - 2 potions of ambrosia {unknown}

Dungeon Overview and Level Annotations

Branches:
Dungeon (2/15)

Altars:

Annotations:
D:2 Sigmund

................####
###>....#######
##...### #....# ♣♣
#....# ♣♣♣. ##....#
♣♣..♣ #.....# ♣♣.♣♣♣
#.....# ♣♣♣♣♣♣.♣♣
#.@S..# ♣.♣.♣♣†♣♣
#.{...# ♣♣......♣
#...#.# ♣.....♣♣♣
#...#.# ♣.....♣
#.....# ♣♣...♣♣
#..... ♣♣♣♣♣ #.....
♣ #.....# ♣ ♣♣♣♣


You could see a ball python.


Message History

The hobgoblin closely misses you.
You hit the hobgoblin.
Lightning courses through the hobgoblin!
You kill the hobgoblin!
Lugonu accepts your kill. The rat barely misses you.
The rat closely misses you.
Items here: $ ( ) ? [.
The rat bites you but does no damage.
You closely miss the rat. The rat completely misses you.
You hit the rat but do no damage. Lightning courses through the rat!!
You kill the rat!
Lugonu accepts your kill.
No target in view!
b - 133 stones (gained 55)
e - 2 scrolls labelled WEICID QACWIH (gained 1)
You now have 90 gold pieces (gained 9).
Things that are here:
a +0 mace; a +0 robe You now have 97 gold pieces (gained 7).
A frilled lizard comes into view.
A goblin comes into view. It is wielding a +0 club.
You rampage towards the goblin!
The goblin hits you with a +0 club. 😕 HP[-4]
You take 4 damage, and now have 29/33 hp.
You hit the goblin.
Your tail-slap misses the goblin.
The goblin misses you.
You hit the goblin.
You kill the goblin!
Lugonu accepts your kill.
You rampage towards the frilled lizard!
You closely miss the frilled lizard. The frilled lizard closely misses you.
You hit the frilled lizard.
You kill the frilled lizard!
Lugonu accepts your kill.
No target in view!
Things that are here:
a +0 club; a goblin corpse; 😎 HP[+4]
Your hp is fully restored (33).
Found a stone staircase leading down.
Sigmund the Dreaded comes into view.
He is wielding a +0 scythe.
Sigmund shouts!
You rampage towards Sigmund!
You rampage towards Sigmund!
A ball python comes into view.
The ball python hisses angrily.
Sigmund points at you and mumbles some strange words.
The puff of flame hits you.
The ball python moves out of view. 😕 HP[-2]
You take 2 damage, and now have 31/33 hp.
You closely miss Sigmund.
Sigmund drinks a potion.
Sigmund suddenly seems more resistant. 😕 HP[+1]
You closely miss Sigmund. Sigmund closely misses you.
You hit Sigmund. You closely miss Sigmund.
Sigmund hits you with a +0 scythe! 😮 HP[-8]
You take 8 damage, and now have 24/33 hp.
MASSIVE DAMAGE!! (PAUSE)
You closely miss Sigmund. You tail-slap Sigmund.
The ball python barely misses you. The ball python closely misses you. x2
The ball python barely misses you.
You completely miss Sigmund.
Sigmund casts a spell.
Sigmund flickers and vanishes!
Deactivating autopickup; reactivate with Ctrl-A.
The ball python misses you. The ball python barely misses you.
You closely miss something. Something hits you but does no damage.
The ball python barely misses you. The ball python misses you.
You barely miss something.
The ball python bites you but does no damage.
The ball python misses you. Something hits you. 😮 HP[-4]
You take 4 damage, and now have 20/33 hp.
You closely miss something. The ball python closely misses you.
The ball python grabs you. The ball python constricts you.
You miss something.
Your tail-slap misses something.
The ball python bites you but does no damage.
The ball python constricts you.
You hear some strange, mumbled words.
Something tries to affect you, but you resist.
You hit something. The ball python closely misses you.
The ball python constricts you. Something hits you but does no damage.
You barely miss something.
The ball python bites you but does no damage.
The ball python constricts you.
You hit something.
Your tail-slap misses something.
The ball python bites you but does no damage.
The ball python constricts you. Something hits you!
* * * LOW HITPOINT WARNING * * *
😱 HP[-12]
You take 12 damage, and now have 8/33 hp.
MASSIVE DAMAGE!! (PAUSE) It was a potion of brilliance.
You feel clever all of a sudden. The ball python bites you.
* * * LOW HITPOINT WARNING * * *
The ball python constricts you. Something hits you!
You die...

Skill      XL: |  1  2  3 |
---------------+----------+-----
Fighting       | 4 |  4.3
Short Blades   | 3 |  3.1
Dodging        | |  2.1
Invocations    | |  2.0

Action                   || total
-------------------------++-------
Melee: Short sword       ||   119
       Tailslap          ||    12
       Punch             ||     1
  Use: Potion            ||     1
Armor: Skin              ||    40
Dodge: Dodged            ||    85

Levels and vault maps discovered:
D:1:      mrwooster_arrival_arrow, layout_loops_corners, basic_ecumenical_altar,
          minmay_tromino_v2
D:2:      kb_forest_paths, layout_basic, uniq_sigmund

Notes
Turn   | Place    | Note
-------+----------+-------------------------------------------
     0 | Abyss:1  | esteth the Draconian Abyssal Knight began the quest for the
                  | Orb.
     0 | Abyss:1  | Reached XP level 1. HP: 19/19 MP: 2/2
     0 | Abyss:1  | magus.rc [v1.11.3]
     3 | Abyss:1  | Found a corrupted altar of Lugonu.
     6 | D:1      | You pass through the gate.
     6 | D:1      | Escaped the Abyss
   532 | D:1      | Found a faded altar of an unknown god.
   573 | D:1      | Reached XP level 2. HP: 26/26 MP: 3/3
   917 | D:2      | Reached ** piety under Lugonu
  1066 | D:2      | Reached skill level 4 in Fighting
  1139 | D:2      | Reached XP level 3. HP: 18/33 MP: 4/4
  1333 | D:2      | Reached skill level 3 in Short Blades
  1842 | D:2      | Noticed Sigmund
  1857 | D:2      | HP: 8/33 [something (11)]
  1858 | D:2      | Slain by Sigmund

Vanquished Creatures
  An adder (D:2)
  A dart slug (D:2)
  2 ball pythons (D:2)
  2 bats (D:2)
  2 endoplasms
  3 giant cockroaches
  5 goblins
  2 hobgoblins (D:2)
  4 jackals
  3 quokkas (D:2)
  3 frilled lizards (D:2)
  4 kobolds
  3 rats
35 creatures vanquished.

Table legend:
 A = Non-vault XP
 B = Vault XP
 C = Vault XP percentage of total XP
 D = Non-vault monster count
 E = Vault monster count
 F = Vault count percentage of total count
                 A         B        C        D         E       F
            +---------+---------+-------+---------+---------+-------
      Total |      61 |      13 |  17.6 |      29 |       6 |  17.1
            +---------+---------+-------+---------+---------+-------
        D:1 |      21 |       0 |   0.0 |      12 |       0 |   0.0
        D:2 |      40 |      13 |  24.5 |      17 |       6 |  26.1
            +---------+---------+-------+---------+---------+-------

Illustrated notes

Table legend:
 A = Kills in this place as a percentage of kills in entire the game.
 B = Kills by you in this place as a percentage of kills by you in the entire game.
 C = Kills by friends in this place as a percentage of kills by friends in the entire game.
 D = Other kills in this place as a percentage of other kills in the entire game.
 E = Experience gained in this place as a percentage of experience gained in the entire game.
 F = Experience gained in this place divided by the number of levels of this place that you have seen.
                   A       B       C       D       E      F
               +-------+-------+-------+-------+-------+----------------------
         Total | 100.0 | 100.0 |   N/A |   N/A | 100.0 |  24.7
       Dungeon | 100.0 | 100.0 |   N/A |   N/A | 100.0 |  37.0
               +-------+-------+-------+-------+-------+----------------------

Table legend: (Time is in decaauts)
 A = Elapsed time spent in this place.
 B = Non-inter-level travel time spent in this place.
 C = Inter-level travel time spent in this place.
 D = Time resting spent in this place.
 E = Time spent auto-exploring this place.
 F = Levels seen in this place.
 G = Mean time per level.
                   A        B        C        D        E       F      G
               +--------+--------+--------+--------+--------+-----+--------+
         Total |   1854 |   1838 |     16 |      0 |   1571 |   3 |  618.0 |
       Dungeon |   1848 |   1832 |     16 |      0 |   1570 |   2 |  924.0 |
         Abyss |      6 |      6 |      0 |      0 |      1 |   1 |    6.0 |
               +--------+--------+--------+--------+--------+-----+--------+

Top non-repeatable levels by time:
     D:2: 985 daAuts
     D:1: 863 daAuts
 Abyss:1: 6 daAuts
